Map: Frozen Temple

Players

iNcontroL

  • Race: Protoss Protoss
  • League: Master

Miszu - Winner!

  • Race: Zerg Zerg
  • League: Master

VOD

Have the link to the VOD?

Description

Time

  • Played on: June 29, 2016, 3:54 p.m.
  • Length: 8:08
Show
View Real Time Build Order
Export as new Build Order

iNcontroL Protoss 

Build Orders: 1 Gate Expand, Dark Templar Rush 

Get SALT Encoding   

  12  0:01  Probe (Chrono Boost)  
  13  0:11  Probe (Chrono Boost)  
  14  0:17  Pylon  
  14  0:22  Probe (Chrono Boost)  
  16  0:35  Probe (Chrono Boost)  
  16  0:39  Gateway  
  16  0:43  Assimilator  
  16  0:46  Probe (Chrono Boost)  
  17  0:56  Probe (Chrono Boost)  
  18  1:08  Probe (Chrono Boost)  
  19  1:18  Probe (Chrono Boost)  
  20  1:30  Nexus  
  20  1:39  Cybernetics Core  
  20  1:43  Probe (Chrono Boost)  
  21  1:51  Pylon  
  21  1:53  Probe (Chrono Boost)  
  22  2:02  Assimilator  
  22  2:04  Probe (Chrono Boost)  
  25  2:16  Warp Gate (Chrono Boost), Mothership Core (Chrono Boost)  
  25  2:18  Adept  
  27  2:34  Probe (Chrono Boost)  
  28  2:41  Twilight Council  
  28  2:43  Probe (Chrono Boost)  
  29  2:45  Probe (Chrono Boost)  
  32  2:55  Gateway  
  30  2:59  Gateway  
  30  3:07  Probe x2 (Chrono Boost)  
  32  3:14  Resonating Glaives  
  32  3:17  Probe (Chrono Boost)  
  32  3:18  Probe (Chrono Boost)  
  34  3:20  Dark Shrine  
  34  3:28  Probe x2 (Chrono Boost)  
  36  3:39  Pylon, Probe x2 (Chrono Boost)  
  38  3:45  Pylon  
  38  3:49  Probe x2 (Chrono Boost)  
  40  3:58  Gateway  
  40  4:00  Probe (Chrono Boost)  
  41  4:05  Pylon  
  41  4:07  Probe (Chrono Boost)  
  42  4:12  Probe (Chrono Boost)  
  43  4:19  Probe (Chrono Boost)  
  43  4:23  Probe (Chrono Boost)  
  45  4:31  Assimilator  
  46  4:32  Dark Templar x3, Probe (Chrono Boost)  
  46  4:33  Probe (Chrono Boost), Assimilator  
  46  4:38  Pylon  
  53  4:44  Probe x2 (Chrono Boost)  
  54  4:53  Blink  
  54  4:55  Probe (Chrono Boost)  
  54  4:56  Probe (Chrono Boost)  
  56  5:00  Nexus  
  56  5:01  Pylon  
  56  5:05  Probe (Chrono Boost)  
  54  5:08  Probe (Chrono Boost)  
  54  5:13  Gateway  
  52  5:17  Gateway  
  52  5:22  Pylon  
  52  5:24  Probe (Chrono Boost)  
  52  5:25  Probe (Chrono Boost)  
  52  5:27  Pylon  
  54  5:34  Probe (Chrono Boost)  
  55  5:41  Stalker x3  
  61  5:43  Stalker  
  61  5:51  Pylon  
  61  5:58  Probe (Chrono Boost)  
  61  5:59  Probe (Chrono Boost)  
  61  6:00  Forge  
  63  6:05  Gateway  
  63  6:08  Gateway  
  63  6:10  Stalker  
  65  6:12  Probe (Chrono Boost)  
  65  6:13  Probe x2 (Chrono Boost)  
  65  6:17  Dark Templar  
  70  6:19  Sentry x3  
  70  6:23  Probe x2 (Chrono Boost)  
  78  6:27  Probe (Chrono Boost)  
  78  6:30  Pylon  
  79  6:34  Probe  
  79  6:36  Stalker x2, Probe  
  79  6:38  Probe  
  86  6:46  Probe  
  85  6:47  Probe  
  85  6:50  Photon Cannon, Probe, Assimilator  
  85  6:53  Assimilator  
  87  6:54  Photon Cannon  
  87  6:58  Probe  
  87  7:01  Photon Cannon  
  88  7:02  Probe  
  88  7:03  Probe  
  90  7:12  Pylon  
  90  7:13  Pylon, Probe x2  
  92  7:18  Robotics Facility  
  92  7:19  Robotics Facility  
  92  7:21  Sentry x2  
  96  7:26  Probe  
  96  7:27  Stalker x2  
  101  7:43  Adept x3  
  87  7:45  Adept x2  
Show
View Real Time Build Order
Export as new Build Order

Miszu Zerg - Winner!

Build Orders: Hatch First 

Get SALT Encoding   

  12  0:01  Drone  
  13  0:12  Overlord  
  13  0:17  Drone  
  14  0:31  Drone x2  
  16  0:38  Drone  
  17  0:45  Drone  
  18  0:55  Hatchery  
  17  0:58  Drone  
  18  1:04  Extractor  
  17  1:19  Spawning Pool  
  17  1:20  Drone  
  17  1:23  Drone  
  18  1:30  Drone  
  19  1:45  Overlord  
  19  1:54  Drone  
  20  2:03  Drone  
  20  2:05  Queen  
  20  2:07  Queen  
  25  2:09  Zergling x2  
  25  2:10  Metabolic Boost  
  25  2:13  Zergling x2  
  27  2:18  Zergling x2  
  27  2:22  Zergling x2  
  29  2:30  Drone  
  29  2:34  Drone  
  31  2:44  Drone x2  
  33  2:47  Pneumatized Carapace  
  33  2:48  Queen  
  35  2:52  Drone  
  36  2:59  Overlord  
  36  3:12  Hatchery  
  35  3:14  Drone  
  35  3:17  Drone  
  37  3:25  Drone x3  
  40  3:30  Baneling Nest  
  39  3:35  Drone  
  39  3:36  Drone x2  
  42  3:42  Lair  
  42  3:45  Drone  
  42  3:47  Drone  
  44  3:51  Extractor  
  44  3:52  Extractor  
  44  3:53  Drone x2  
  44  4:00  Overlord  
  44  4:02  Overlord  
  44  4:20  Zergling x12  
  50  4:31  Overlord  
  50  4:35  Baneling x3  
  50  4:36  Baneling  
  50  4:44  Zergling x14  
  57  4:49  Hydralisk Den, Drone  
  57  4:52  Zergling x4  
  59  4:54  Overseer  
  57  5:10  Overseer  
  57  5:13  Drone x3  
  57  5:14  Drone x7  
  67  5:26  Hydralisk  
  67  5:27  Hydralisk x2  
  73  5:38  Overlord x2, Muscular Augments  
  72  5:53  Hydralisk  
  72  5:55  Overlord  
  74  5:59  Hydralisk  
  74  6:00  Hydralisk x3  
  74  6:01  Hydralisk  
  84  6:09  Hydralisk  
  86  6:11  Zergling x8  
  88  6:29  Hydralisk  
  88  6:30  Hydralisk x2  
  88  6:31  Hydralisk  
  96  6:33  Zergling x4  
  97  6:46  Overlord  
  97  6:47  Overlord  
  96  6:57  Overseer  
  96  7:01  Hydralisk  
  95  7:04  Hydralisk  
  95  7:05  Hydralisk x2  
  95  7:07  Zergling x20  
  113  7:26  Overlord x3, Zergling x2  
  114  7:32  Hydralisk  
Tags
 
Add a new tag
Caveats
  • Supply blocks, unpowered buildings, or Contaminate may cause inaccurate times.
  • Supply counts are checked every 10 seconds.